 Dungeon Crawl Stone Soup version 0.19-a0-1849-g2383789 (webtiles) character file.

11343 JeffiDaFish the Covert (level 11, -34/84 HPs)
             Began as a Vampire Enchanter on Oct 10, 2016.
             Was a Believer of Dithmenos.
             Annihilated by razgard's ghost (45 damage)
             ... on level 1 of the Lair of Beasts.
             The game lasted 01:10:15 (12030 turns).

JeffiDaFish the Covert (Vampire Enchanter)         Turns: 12030, Time: 01:10:16

Health: -34/84     AC:  8    Str: 14    XL:     11   Next: 48%
Magic:  0/20       EV: 20    Int: 17    God:    Dithmenos [**....]
Gold:   219        SH:  0    Dex: 21    Spells: 6 memorised, 5 levels left

rFire  . . .     SeeInvis +     f - +3 dagger (venom)
rCold  . . .     Gourm    .     n - +0 steam dragon scales
rNeg   + . .     Faith    .     (no shield)
rPois  +         Spirit   .     (no helmet)
rElec  .         Dismiss  .     l - +2 cloak
rCorr  .         Reflect  .     (no gloves)
MR     ++...     Harm     .     (no boots)
Stlth  +++++++... Rnd*Tele +    (no amulet)
                                v - ring of poison resistance
                                m - +5 ring of dexterity

@: about to teleport, wreathed by umbra
A: fangs 3, see invisible, blink, magic resistance 1, strong 2, teleportitis 1,
unbreathing
a: Bat Form, Blink, Shadow Step, Renounce Religion


You were on level 1 of the Lair of Beasts.
You worshipped Dithmenos.
Dithmenos was pleased with you.
You were not thirsty.

You visited 3 branches of the dungeon, and saw 11 of its levels.

You collected 713 gold pieces.
You spent 494 gold pieces at shops.

Inventory:

Hand Weapons
 f - a +3 dagger of venom (weapon)
Armour
 b - a +2 robe
 l - a +2 cloak (worn)
 n - +0 steam dragon scales (worn)
Jewellery
 a - a +3 ring of dexterity
 m - a +5 ring of dexterity (left hand)
 q - an uncursed ring of ice
 r - an uncursed ring of see invisible
 v - a ring of poison resistance (right hand)
Wands
 k - a wand of acid (8/15)
 p - a wand of iceblast (13/15)
 s - a wand of paralysis (9/24)
 y - a wand of acid (7/15)
Scrolls
 g - 4 scrolls of recharging
 h - 2 scrolls of fog
 i - 2 scrolls of teleportation
 j - 4 scrolls of remove curse
 o - 5 scrolls of identify
Potions
 d - 20 potions of blood
 e - 4 potions of curing
 t - 2 potions of heal wounds
 u - a potion of brilliance
 z - a potion of haste
 A - a potion of magic
Books
 c - a book of Maledictions

   Spells                             Type                      Level
   a - Corona                         Hexes                        1
   b - Ensorcelled Hibernation        Hexes/Ice                    2
   c - Confuse                        Hexes                        3
   d - Tukima's Dance                 Hexes                        3
   e - Dazzling Spray                 Conjuration/Hexes            3
 w - a book of Changes

   Spells                             Type                      Level
   a - Beastly Appendage              Transmutation                1
   b - Sticks to Snakes               Transmutation                2
   c - Spider Form                    Transmutation/Poison         3
   d - Ice Form                       Ice/Transmutation            4
   e - Blade Hands                    Transmutation                5
 x - a book of Party Tricks

   Spells                             Type                      Level
   a - Summon Butterflies             Summoning                    1
   b - Apportation                    Translocation                1
   c - Lesser Beckoning               Translocation                3
   d - Tukima's Dance                 Hexes                        3
   e - Alistair's Intoxication        Transmutation/Poison         5
   f - Invisibility                   Hexes                        6


   Skills:
 * Level 7.2 Fighting
 + Level 6.9 Short Blades
 * Level 9.1 Dodging
 + Level 11.6 Stealth
 + Level 6.0 Spellcasting
 + Level 9.9 Hexes
 + Level 4.0 Transmutations
 + Level 5.1 Ice Magic


You had 5 spell levels left.
You knew the following spells:

 Your Spells              Type           Power        Failure   Level  Hunger
a - Corona                Hex            #####..      1%          1    None
b - Ensorcelled Hibernat  Hex/Ice        ####..       1%          2    None
c - Confuse               Hex            #####...     1%          3    ##.....
d - Dazzling Spray        Conj/Hex       ###...       8%          3    ##.....
e - Sticks to Snakes      Tmut           ###.....     3%          2    None
f - Invisibility          Hex            #####...     38%         6    #######


Dungeon Overview and Level Annotations

Branches:
Dungeon (9/15)             Temple (1/1) D:7            Lair (1/6) D:8
    Orc: D:9-12

Altars:
Cheibriados
Dithmenos
Elyvilon
Fedhas
Gozag
Hepliaklqana
Kikubaaqudgha
Makhleb
Nemelex Xobeh
Okawaru
Qazlal
Ru
Sif Muna
Trog
Uskayaw
Vehumet
Xom
Yredelemnul
Zin
The Shining One

Shops:
D:5 [*==   D:8 !?%=:

Annotations:
Lair:1 razgard's ghost, journeyman OgBe


Innate Abilities, Weirdness & Mutations

You have razor-sharp teeth.
You have supernaturally acute eyesight. (SInv)
You can survive without breathing.
You can translocate small distances at will.
You are resistant to hostile enchantments. (MR+)
Your muscles are very strong. (Str +4)
You are occasionally teleported next to monsters.


Message History

Aiming: Confuse
Press: ? - help, Shift-Dir - straight line, f/p - razgard's ghost
Aim: razgard's ghost (umbra, chance to defeat MR: 14%) Razgard's ghost resists with almost no effort.
There isn't anything here!
Casting: Confuse
Confirm with . or Enter, or press ? or * to list all spells.
Aiming: Confuse
Press: ? - help, Shift-Dir - straight line, f/p - razgard's ghost
Aim: razgard's ghost (umbra, chance to defeat MR: 14%) Razgard's ghost resists with almost no effort.
Razgard's ghost barely misses you.
You barely miss razgard's ghost. Razgard's ghost hits you!!
You hit razgard's ghost but do no damage.
Your bite misses razgard's ghost. Razgard's ghost hits you!!!
* * * LOW HITPOINT WARNING * * *
As you read the scroll of teleportation, it crumbles to dust.
You feel strangely unstable. Razgard's ghost hits you!!!
Ouch! That really hurt!
You die...

.#..# ####..##### #
#..## #..# ###..#
###..# ##....#
###....#
......###...#..#
..P##..........##
.###.#..........###
## ####....P###...#
# #...### ##@.#
#..## ##W......
#..# #...... #...
.>.... ...## .....
..... ..... .....
.... ....
...........##


You could see razgard's ghost.

Vanquished Creatures
  The ghost of rj54x the Cleaver, a novice HOBe of Trog (D:9)
  An iron troll (D:9)
  2 deep trolls (D:9)
  Pikel (D:7)
  8 trolls (D:9)
  Grinder (D:5)
  2 two-headed ogres (D:9)
  A hippogriff (D:9)
  A basilisk (Lair:1)
  7 yaks
  A steam dragon (D:7)
  A basilisk (shapeshifter) (D:9)
  2 hungry ghosts (D:9)
  Edmund (D:5)
  Menkaure (D:5)
  2 water moccasins
  A porcupine (Lair:1)
  2 black bears
  A sky beast (D:5)
  2 ice beasts
  3 wolves (Lair:1)
  2 orc warriors
  A phantom (D:6)
  4 ogres
  2 centaurs
  4 crocodiles
  A big kobold (D:9)
  7 bullfrogs
  2 elf skeletons (D:4)
  A scorpion (D:5)
  A wyvern skeleton (D:6)
  5 wights (D:6)
  2 howler monkeys (D:8)
  An electric eel (D:9)
  4 crimson imps
  5 orc priests
  A bullfrog zombie (D:8)
  2 jellies (D:5)
  Terence (D:3)
  An iguana (D:4)
  A human skeleton (D:4)
  6 orc wizards
  Natasha (thrice) (D:3)
  9 worker ants
  2 hound skeletons
  Robin (D:3)
  2 worker ant zombies
  4 gnolls (D:5)
  15 adders
  3 shadow imps
  2 oozes
  An adder zombie (D:9)
  3 adder skeletons
  2 worms
  A dart slug (D:2)
  7 leopard geckos
  20 orcs
  4 giant cockroaches
  10 goblins
  5 hobgoblins
  6 jackals
  4 kobolds
  4 quokkas
  A ball python (D:5)
  7 bats
  9 frilled lizards
  2 orc skeletons (D:4)
  An orc zombie (D:4)
  4 rats
228 creatures vanquished.

Vanquished Creatures (others)
  A slave (D:7)
  A hound (D:7)
2 creatures vanquished.

Grand Total: 230 creatures vanquished

Notes
Turn   | Place    | Note
-------+----------+-------------------------------------------
     0 | D:1      | JeffiDaFish the Vampire Enchanter began the quest for the Orb.
     0 | D:1      | Reached XP level 1. HP: 13/13 MP: 3/3
   260 | D:1      | Reached XP level 2. HP: 6/19 MP: 5/5
   525 | D:1      | Learned a level 2 spell: Ensorcelled Hibernation
   916 | D:1      | Reached skill level 5 in Hexes
  1331 | D:2      | Reached XP level 3. HP: 18/24 MP: 6/6
  1580 | D:2      | Reached skill level 5 in Stealth
  1891 | D:2      | Learned a level 3 spell: Confuse
  2047 | D:3      | Found a faded altar of an unknown god.
  2130 | D:3      | Noticed Natasha
  2146 | D:3      | Killed Natasha
  2146 | D:3      | Reached XP level 4. HP: 6/31 MP: 3/7
  2754 | D:3      | Reached skill level 6 in Stealth
  2950 | D:3      | Noticed Natasha
  2976 | D:3      | Killed Natasha
  2976 | D:3      | Reached XP level 5. HP: 8/36 MP: 1/8
  3107 | D:3      | Noticed Natasha
  3112 | D:3      | Killed Natasha
  3127 | D:3      | Noticed Terence
  3186 | D:3      | Killed Terence
  3186 | D:3      | Reached skill level 1 in Fighting
  3432 | D:3      | Noticed Robin
  3439 | D:3      | Killed Robin
  3745 | D:3      | Found a snail-covered altar of Cheibriados.
  3860 | D:4      | Noticed a black bear
  3864 | D:4      | Killed a black bear
  3864 | D:4      | Reached skill level 7 in Stealth
  3864 | D:4      | Reached XP level 6. HP: 35/43 MP: 8/10
  4104 | D:4      | Found a basalt altar of Yredelemnul.
  4351 | D:4      | Found a hazy altar of Hepliaklqana.
  4640 | D:4      | Reached skill level 1 in Ice Magic
  4640 | D:4      | Reached XP level 7. HP: 42/48 MP: 11/11
  4660 | D:4      | Reached skill level 8 in Stealth
  5153 | D:5      | Entered Level 5 of the Dungeon
  5156 | D:5      | Found Mimu's Armour Shop.
  5163 | D:5      | Noticed Menkaure
  5173 | D:5      | Killed Menkaure
  5385 | D:5      | Noticed Edmund
  5391 | D:5      | Killed Edmund
  5481 | D:5      | Reached XP level 8. HP: 12/57 MP: 5/13
  5482 | D:5      | Found Cuohepha's Jewellery Shop.
  5792 | D:5      | Found Luwako Oteud's Jewellery Boutique.
  5903 | D:5      | Found Ulotweme's Elemental Accessories.
  6010 | D:5      | Learned a level 3 spell: Dazzling Spray
  6070 | D:5      | Noticed Grinder
  6107 | D:5      | Killed Grinder
  6107 | D:5      | Reached skill level 9 in Stealth
  6481 | D:5      | Reached skill level 5 in Dodging
  6714 | D:6      | Found a deep blue altar of Sif Muna.
  6885 | D:6      | Reached XP level 9. HP: 65/65 MP: 15/15
  6934 | D:6      | Learned a level 2 spell: Sticks to Snakes
  7120 | D:6      | Reached skill level 5 in Short Blades
  7336 | D:7      | Noticed Pikel
  7342 | D:7      | Killed Pikel
  7594 | D:7      | Reached skill level 10 in Stealth
  7599 | D:7      | Reached skill level 5 in Fighting
  8055 | D:7      | Found a staircase to the Ecumenical Temple.
  8084 | Temple   | Entered the Ecumenical Temple
  8186 | Temple   | Became a worshipper of Dithmenos the Shadowed
  8235 | D:7      | Gained mutation: You are resistant to hostile enchantments. (MR+) [potion of mutation]
  8235 | D:7      | Gained mutation: Your muscles are strong. (Str +2) [potion of mutation]
  8235 | D:7      | Gained mutation: You are occasionally teleported next to monsters. [potion of mutation]
  8537 | D:8      | Found a staircase to the Lair.
  8543 | D:8      | Found Bom Hyhif's Distillery.
  8623 | D:8      | Found Hucesk's Magic Scroll Boutique.
  8746 | D:8      | Found Zarugun's Jewellery Shoppe.
  8750 | D:8      | Bought a +5 ring of dexterity for 494 gold pieces
  8784 | D:8      | Reached skill level 5 in Spellcasting
  8822 | D:8      | Found a stormy altar of Qazlal.
  8912 | D:8      | Found Butan's Food Shop.
  9146 | D:8      | Found Kang's Book Emporium.
  9351 | D:9      | Reached skill level 1 in Transmutations
  9357 | D:9      | Reached XP level 10. HP: 74/74 MP: 14/17
  9457 | D:9      | Noticed rj54x's ghost (novice HOBe)
  9463 | D:9      | Killed rj54x's ghost
  9679 | D:9      | Reached * piety under Dithmenos
  9698 | D:9      | Gained mutation: You can translocate small distances at will. [potion of beneficial mutation]
  9838 | D:9      | Noticed a deep troll
  9841 | D:9      | Noticed a deep troll
  9858 | D:9      | Killed a deep troll
 10039 | D:9      | Killed a deep troll
 10202 | D:9      | Noticed an iron troll
 10235 | D:9      | Reached skill level 11 in Stealth
 10323 | D:9      | Reached XP level 11. HP: 80/83 MP: 7/19
 11086 | D:9      | Killed an iron troll
 11132 | D:9      | Learned a level 6 spell: Invisibility
 11328 | Lair:1   | Entered Level 1 of the Lair of Beasts
 11346 | Lair:1   | Gained mutation: Your muscles are very strong. (Str +4) [potion of beneficial mutation]
 11393 | Lair:1   | Reached skill level 5 in Ice Magic
 11483 | Lair:1   | Reached ** piety under Dithmenos
 12020 | Lair:1   | Noticed razgard's ghost (journeyman OgBe)
 12030 | Lair:1   | Annihilated by razgard's ghost

Vault maps used:
D:1:      tarquinn_simple_flora_water_e
D:2:      first_bread, kennysheep_big_empty_room
D:3:      cheibriados_altar_1, ecumenical_altar_1, serial_corexii_hall,
          corexii_hall_statues_i, corexii_hall_statues_u,
          minmay_misc_feat_diagonals, uniq_natasha, uniq_terence, uniq_robin
D:4:      grunt_temple_overflow_open, nicolae_ossuary_entry_catacombs,
          guppyfry_early_lair_pool
D:5:      serial_shops, shop, shop, shop_fountains, nicolae_elemental_shop,
          uniq_menkaure, uniq_grinder, uniq_edmund
D:6:      basic_altar
D:7:      kennysheep_small_spiral, uniq_pikel
D:8:      kennysheep_mini_moat, lair_0_dummy, serial_shops, shop,
          nicolae_shop_temple_entry_statues_fountains, nicolae_shop_statue_plus,
          shop_statue, shop
D:9:      lemuel_troll_bridge, nicolae_overflow_hidden_temple,
          blue_anna_alchemist
Temple:   lightli_temple_of_artemis

Skill      XL: |  1  2  3  4  5  6  7  8  9 10 11 |
---------------+----------------------------------+-----
Hexes          | 5 6 7 8 9 |  9.9
Stealth        | 5 6 7 8 9 10 11 | 11.6
Dodging        | 3 4 5 6 8 9 |  9.1
Short Blades   | 2 3 4 5 6 |  6.9
Fighting       | 1 2 3 5 6 7 |  7.2
Spellcasting   | 3 4 5 6 |  6.0
Ice Magic      | 1 2 3 4 5 |  5.1
Transmutations | 1 3 4 |  4.0

Action                   |  1- 3 |  4- 6 |  7- 9 | 10-12 || total
-------------------------+-------+-------+-------+-------++-------
Melee: Dagger            |   109 |   125 |   381 |   185 ||   800
       Bite              |     9 |    10 |    50 |    28 ||    97
 Cast: Ensorcelled Hiber |     2 |    12 |    26 |    42 ||    82
       Confuse           |     1 |     8 |    36 |    28 ||    73
       Dazzling Spray    |       |       |       |     8 ||     8
  Use: Scroll            |     7 |     2 |    11 |     2 ||    22
       Potion            |     8 |    12 |    25 |    14 ||    59
 Stab: Sleeping          |     8 |    17 |    29 |    28 ||    82
       Confused          |     1 |     2 |    17 |    13 ||    33
       Distracted        |       |     1 |     1 |       ||     2
Armor: Robe              |    27 |    32 |    44 |       ||   103
       Steam dragon scal |       |       |    13 |    20 ||    33
Dodge: Dodged            |    85 |    68 |   163 |   164 ||   480
